Map: Catalyseur EC

Players

HateMe - Winner!

  • Race: Zerg Zerg
  • Spawn Location: 5:00

ShaDoWn

  • Race: Protoss Protoss
  • Spawn Location: 11:00

Event: WCS Valencia 2018

VOD

Have the link to the VOD?

Description

Time

  • Played on: July 12, 2018, 9:29 a.m.
  • Length: 14:20

All games in this series

Show
View Real Time Build Order
Export as new Build Order

HateMe Zerg - Winner!

Build Orders: Hatch First 

Get SALT Encoding   

  12  0:02  Drone  
  13  0:12  Overlord  
  13  0:16  Drone  
  14  0:31  Drone x2  
  14  0:35  Drone  
  17  0:52  Drone  
  17  0:56  Drone  
  19  1:02  Hatchery  
  18  1:06  Extractor  
  17  1:15  Spawning Pool  
  17  1:17  Drone  
  17  1:21  Drone  
  18  1:29  Drone  
  19  1:46  Hatchery  
  18  1:49  Drone  
  19  2:03  Queen  
  19  2:07  Metabolic Boost  
  21  2:10  Drone  
  22  2:18  Queen  
  24  2:25  Overlord  
  24  2:31  Evolution Chamber  
  24  2:36  Drone  
  24  2:39  Zergling x2  
  24  2:40  Zergling x2  
  24  2:44  Zergling x2  
  27  2:46  Zergling x2  
  27  2:49  Zergling x2  
  29  2:52  Drone  
  29  3:05  Zerg Melee Weapons Level 1  
  29  3:06  Drone x2  
  29  3:09  Drone x2  
  33  3:13  Drone  
  34  3:22  Drone x3  
  34  3:26  Overlord  
  37  3:34  Queen  
  37  3:39  Spore Crawler  
  37  3:41  Spore Crawler  
  37  3:46  Drone x2  
  37  3:47  Drone  
  39  3:49  Drone  
  39  3:51  Drone  
  41  3:57  Overlord  
  41  3:58  Drone  
  41  4:00  Drone  
  43  4:05  Overlord  
  43  4:06  Drone  
  43  4:07  Drone  
  43  4:09  Drone  
  46  4:16  Spore Crawler  
  43  4:17  Spore Crawler  
  43  4:19  Spore Crawler  
  43  4:24  Drone x6  
  44  4:30  Spore Crawler  
  48  4:33  Drone x3  
  48  4:36  Overlord  
  51  4:41  Queen  
  51  4:43  Zergling x2  
  51  4:45  Zergling x2  
  55  4:47  Zergling x4  
  58  4:52  Zergling x2  
  58  4:56  Lair, Overlord  
  58  4:59  Zergling x2  
  59  5:00  Zergling x2  
  59  5:03  Zergling x6  
  62  5:08  Zergling x2  
  62  5:09  Zergling x6  
  62  5:13  Baneling Nest  
  65  5:14  Overlord  
  65  5:16  Drone x2  
  67  5:22  Zerg Missile Weapons Level 1  
  67  5:23  Drone x2  
  67  5:26  Overlord  
  67  5:27  Drone  
  71  5:28  Drone  
  71  5:30  Drone  
  71  5:31  Drone  
  72  5:35  Drone  
  72  5:37  Drone x2  
  72  5:38  Drone x2  
  76  5:43  Zergling x2  
  76  5:44  Zergling x6  
  76  5:48  Extractor  
  76  5:49  Extractor, Zergling x6  
  77  5:52  Zergling x2  
  69  6:10  Drone x3  
  69  6:11  Drone x5  
  75  6:22  Hydralisk Den, Drone  
  75  6:23  Drone  
  75  6:24  Drone  
  75  6:25  Drone x2  
  75  6:35  Zergling x16  
  81  6:42  Extractor  
  81  6:46  Overlord x2  
  80  6:48  Overlord  
  79  6:55  Grooved Spines  
  79  6:56  Hydralisk x4  
  86  7:01  Hydralisk  
  85  7:15  Hydralisk x2  
  85  7:20  Hydralisk  
  89  7:23  Overlord x2  
  89  7:24  Overlord  
  89  7:26  Hydralisk  
  89  7:27  Extractor  
  89  7:28  Extractor, Hydralisk  
  91  7:33  Hydralisk  
  91  7:34  Zergling x2  
  91  7:35  Zergling x18  
  103  7:39  Hydralisk  
  105  7:44  Hydralisk  
  105  7:48  Hydralisk  
  109  7:58  Hydralisk x2  
  109  8:04  Hydralisk x2  
  117  8:06  Overlord x3  
  117  8:09  Hydralisk  
  117  8:12  Hydralisk  
  118  8:14  Zergling x10  
  118  8:19  Baneling x5  
  125  8:22  Baneling x2  
  125  8:23  Zergling x6  
  125  8:24  Baneling  
  125  8:25  Baneling  
  128  8:30  Baneling x3  
  118  8:41  Zergling x20  
  105  8:46  Zergling x2  
  91  8:49  Zergling x2  
  91  8:54  Muscular Augments, Zergling x2  
  92  9:01  Zerg Melee Weapons Level 2  
  92  9:02  Drone x2  
  94  9:05  Drone  
  94  9:06  Drone  
  94  9:07  Hatchery  
  94  9:11  Drone  
  94  9:12  Drone x3  
  98  9:29  Drone x2  
  98  9:30  Drone  
  100  9:31  Spire  
  100  9:38  Drone x10  
  105  9:50  Centrifical Hooks  
  104  9:56  Hydralisk  
  104  9:57  Hydralisk x4  
  104  9:59  Zergling x2  
  117  10:00  Zergling x4  
  116  10:09  Zergling x2  
  116  10:10  Zergling x10  
  122  10:19  Baneling x2  
  122  10:23  Zergling x18  
  122  10:25  Zergling x2  
  122  10:26  Zergling x4  
  133  10:33  Queen  
  132  10:44  Mutalisk x9  
  132  10:47  Zergling x2  
  151  10:53  Zergling x14  
  158  11:00  Overlord x2  
  158  11:04  Zergling x2  
  158  11:05  Zergling x6  
  158  11:06  Baneling x2  
  157  11:21  Zergling x18  
  154  11:30  Overlord x2  
  152  11:41  Baneling x6  
  152  11:42  Baneling x18  
  152  11:46  Zergling x2  
  154  11:47  Zergling x28  
  166  11:54  Zergling x4  
  166  11:55  Zergling x6  
  166  11:56  Baneling x14  
  166  11:57  Baneling  
  166  11:59  Zergling x2  
  167  12:12  Zergling x2  
  167  12:13  Zergling x18  
  162  12:18  Baneling  
  162  12:19  Baneling x6  
  162  12:21  Zergling x8  
  162  12:22  Zergling x6  
  169  12:27  Infestation Pit  
  168  12:33  Drone x4  
  170  12:39  Drone x3  
  173  12:50  Zergling x2, Hatchery  
  173  12:51  Zergling x20  
  179  12:58  Baneling x2  
  179  12:59  Baneling x9  
  177  13:06  Zergling x10  
  177  13:07  Zergling x6  
  160  13:23  Zergling x20  
  152  13:36  Zergling x24  
  153  13:44  Zergling x8  
  153  13:48  Hydralisk  
  144  13:51  Hydralisk x2  
  144  13:55  Hydralisk x3  
  145  13:59  Baneling  
  145  14:00  Baneling x20  
Show
View Real Time Build Order
Export as new Build Order

ShaDoWn Protoss 

Build Orders: 1 Gate Expand, Oracle Opening, Phoenix Opening, Zealot Archon, Archon Drop 

Get SALT Encoding   

  12  0:00  Probe  
  13  0:13  Probe  
  14  0:20  Pylon  
  14  0:25  Probe  
  15  0:34  Probe  
  15  0:40  Gateway  
  15  0:42  Probe  
  16  0:49  Assimilator  
  17  0:52  Probe  
  18  1:04  Probe  
  19  1:17  Probe  
  20  1:26  Nexus  
  20  1:38  Cybernetics Core  
  20  1:39  Probe  
  21  1:43  Assimilator  
  21  1:51  Probe  
  21  1:53  Pylon  
  22  2:03  Probe  
  22  2:05  Adept  
  23  2:15  Probe  
  26  2:21  Stargate  
  26  2:24  Adept  
  26  2:27  Probe  
  27  2:36  Warp Gate, Probe  
  29  2:39  Probe  
  31  2:44  Probe  
  32  2:51  Probe  
  32  2:52  Probe  
  32  2:57  Oracle  
  34  3:00  Adept  
  34  3:03  Probe  
  34  3:05  Probe  
  38  3:12  Pylon  
  41  3:15  Probe  
  41  3:17  Probe  
  43  3:27  Probe  
  43  3:28  Phoenix  
  43  3:29  Gateway, Probe  
  45  3:40  Probe  
  45  3:41  Probe  
  49  3:42  Assimilator  
  49  3:44  Assimilator  
  49  3:52  Probe  
  49  3:53  Pylon, Probe  
  51  3:58  Robotics Facility  
  51  4:04  Probe  
  51  4:05  Probe  
  51  4:08  Twilight Council  
  53  4:16  Probe  
  54  4:21  Probe  
  55  4:25  Gateway  
  55  4:26  Gateway  
  55  4:28  Probe  
  55  4:30  Pylon  
  56  4:34  Warp Prism  
  56  4:41  Zealot x2  
  62  4:48  Templar Archives  
  62  5:01  Nexus  
  62  5:03  Pylon  
  62  5:05  Probe  
  63  5:07  Pylon  
  63  5:12  Probe  
  64  5:17  Probe  
  65  5:24  Probe  
  66  5:29  Forge  
  66  5:30  Adept x2  
  66  5:32  High Templar x4  
  66  5:33  Probe  
  75  5:39  Archon x2  
  70  5:44  Immortal  
  74  5:50  Protoss Ground Weapons Level 1  
  74  6:00  Charge  
  74  6:01  Gateway  
  74  6:02  Gateway  
  74  6:04  Gateway  
  74  6:07  Pylon  
  74  6:08  Gateway  
  74  6:10  Pylon  
  70  6:11  Pylon  
  70  6:19  Immortal  
  74  6:28  Nexus  
  74  6:30  Pylon  
  74  6:31  Zealot x3  
  79  6:43  Sentry  
  81  6:53  Probe  
  82  6:54  Pylon  
  82  6:55  Sentry  
  82  6:56  Zealot  
  82  6:59  Nexus  
  82  7:00  Pylon  
  86  7:10  High Templar x2  
  86  7:11  High Templar  
  86  7:12  High Templar  
  94  7:15  Pylon  
  94  7:17  Pylon  
  94  7:18  Pylon, Archon x2  
  94  7:21  Probe  
  95  7:23  Zealot x4  
  95  7:29  Probe  
  104  7:43  High Templar x2  
  108  7:44  Zealot x4  
  108  7:45  Zealot x2  
  108  7:47  Archon  
  108  7:50  Probe x2  
  122  8:10  Pylon  
  122  8:15  Protoss Ground Weapons Level 2  
  122  8:18  Zealot x2, High Templar x2  
  122  8:19  Zealot x4  
  138  8:21  Probe x2  
  138  8:22  Archon  
  132  8:40  Zealot x6  
  106  8:46  Probe  
  79  8:50  Zealot x6  
  79  8:51  Zealot, Psionic Storm  
  79  8:55  Probe x2  
  91  8:57  Assimilator x2  
  87  9:03  Probe  
  87  9:07  Probe  
  87  9:08  Observer  
  89  9:11  High Templar x2  
  89  9:12  Zealot x4  
  89  9:15  Probe  
  103  9:21  Zealot x2  
  107  9:34  High Templar  
  107  9:35  High Templar  
  111  9:39  Zealot x2  
  111  9:42  Immortal  
  115  9:46  Probe  
  115  9:52  Probe  
  117  9:59  High Templar  
  123  10:05  Nexus  
  123  10:06  Pylon  
  123  10:09  Pylon  
  123  10:10  Immortal  
  123  10:13  Zealot x4  
  131  10:18  Zealot  
  131  10:19  Probe  
  131  10:20  Probe  
  138  10:34  Shield Battery  
  138  10:35  High Templar  
  138  10:36  Photon Cannon, High Templar  
  138  10:37  Photon Cannon  
  138  10:39  Photon Cannon  
  138  10:41  Assimilator  
  142  10:44  High Templar  
  142  10:45  High Templar  
  142  10:46  Assimilator  
  142  10:47  High Templar  
  142  10:49  Archon  
  148  10:52  Protoss Ground Weapons Level 3  
  148  10:55  Warp Prism  
  150  10:57  Zealot  
  152  11:17  Zealot x2  
  152  11:18  Zealot x3  
  156  11:31  Immortal  
  156  11:32  Phoenix  
  160  11:38  Archon  
  157  11:40  Stalker x2  
  157  11:41  Stalker  
  157  11:45  High Templar  
  161  11:49  Shield Battery  
  161  11:51  Phoenix  
  154  11:56  High Templar x2  
  154  12:00  Shield Battery  
  154  12:02  Shield Battery  
  128  12:17  Stalker x4  
  130  12:25  Archon  
  130  12:26  Stalker  
  130  12:33  Probe  
  131  12:46  Phoenix  
  126  12:55  Probe x3  
  129  13:03  Probe  
  129  13:04  Archon  
  129  13:07  Probe x3  
  133  13:13  Zealot  
  133  13:14  Zealot x4  
  133  13:15  Probe  
  133  13:19  Probe x2  
  123  13:22  Zealot x2  
  123  13:31  Zealot  
  95  13:40  Zealot x2  
  94  13:45  Zealot  
  69  13:58  High Templar x2  
  69  14:02  Archon  
  65  14:03  High Templar  
Tags
 
Add a new tag
Caveats
  • Supply blocks, unpowered buildings, or Contaminate may cause inaccurate times.
  • Supply counts are checked every 10 seconds.